AoeStats
← henningschult

MegaRandom

506138053Analyzed
1v1 RM · 20d ago on Sep 12, 2026· 28m 22s· 2 players
Game mode
Random Map
Map size
Tiny (2 player)
Population
200
Speed
Normal
Resources
Standard
Victory
Conquest
Starting age
Dark Age
Ending age
Imperial Age
RankedLock teamsTeams togetherTeam positionsShared explorationLock speedFull tech treeHidden civsTurbo modeCheats
Victory
Defeat
🇬🇧 Khitans · United Kingdom
962
+15
🇩🇪 Cumans · Germany
945
-44
henningschult
12:14 Feudal Age
14:35 Wheelbarrow
14:34 Double-Bit Axe
14:22 Man-at-Arms
25:16 Scale Mail Armor
26:26 Forging
29:12 Castle Age
WarNoob
7:21 Loom
12:24 Feudal Age
13:06 Double-Bit Axe
14:39 Forging
23:31 Castle Age
21:21 Domestication
21:41 Gold Mining
22:33 Scale Barding Armor
24:52 Iron Casting
25:05 Chain Barding Armor
26:31 Husbandry
Connection lost

Rejoining the realm…

Still unreachable

The connection could not be restored.

Session expired

The server has moved on; the page needs a fresh start.